 Dungeon Crawl Stone Soup version 0.20.1-1-g8b1a95d (webtiles) character file.

94 Chifra the Grave Robber (level 4, 0/25 HPs)
             Began as a Deep Elf Necromancer on July 3, 2017.
             Killed from afar by Sigmund (2 damage)
             ... with a puff of flame
             ... on level 3 of the Dungeon.
             The game lasted 00:08:44 (3452 turns).

Chifra the Grave Robber (Deep Elf Necromancer)      Turns: 3452, Time: 00:08:45

Health: 0/25       AC:  3    Str:  5    XL:     4   Next: 38%
Magic:  11/11      EV: 13    Int: 26    God:
Gold:   65         SH:  0    Dex: 15    Spells: 2/10 levels left

rFire    + . .     SeeInvis .   h - +0 dagger
rCold    . . .     Gourm    .   (no shield)
rNeg     + . .     Faith    .   a - +0 robe
rPois    .         Spirit   .   (no helmet)
rElec    .         Reflect  .   j - +0 cloak
rCorr    .         Harm     .   (no gloves)
MR       .....                  (no boots)
Stlth    +.........             (no amulet)
Regen    0.1/turn               r - ring of protection from fire
MPRegen  0.2/turn               k - ring of positive energy

@: confused, brilliant
A: no striking features
a: no special abilities


You were on level 3 of the Dungeon.
You were not hungry.

You visited 1 branch of the dungeon, and saw 3 of its levels.

You collected 65 gold pieces.

Inventory:

Hand Weapons
 h - a +0 dagger (weapon)
 l - a +0 rapier
Armour
 a - a +0 robe (worn)
 j - a +0 cloak (worn)
Jewellery
 k - a ring of positive energy (right hand)
 r - a ring of protection from fire (left hand)
Wands
 o - a wand of iceblast (8/15)
Scrolls
 e - a scroll of fear {unknown}
 g - 4 scrolls of identify {unknown}
 i - a scroll of magic mapping {unknown}
 p - a scroll of amnesia {unknown}
Potions
 m - a potion of agility {unknown}
Books
 b - a book of Necromancy

   Spells                             Type                      Level
   a - Pain                           Necromancy                   1
   b - Animate Skeleton               Necromancy                   1
   c - Vampiric Draining              Necromancy                   3
   d - Regeneration                   Charms/Necromancy            3
   e - Animate Dead                   Necromancy                   4
   f - Control Undead                 Necromancy                   4
Comestibles
 c - a bread ration
 f - 2 meat rations
 n - 3 chunks of flesh


   Skills:
 + Level 1.2 Fighting
 + Level 3.2 Dodging
 + Level 3.4 Stealth
 + Level 3.6 Spellcasting
 + Level 1.9 Charms
 + Level 5.2 Necromancy


You had 2 spell levels left.
You knew the following spells:

 Your Spells              Type           Power        Failure   Level  Hunger
a - Pain                  Necr           ####         1%          1    None
b - Animate Skeleton      Necr           N/A          1%          1    None
c - Vampiric Draining     Necr           #####.....   1%          3    ##.....
d - Regeneration          Chrm/Necr      #####.....   1%          3    ##.....


Dungeon Overview and Level Annotations

Branches:
Dungeon (3/15)

Altars:

Annotations:
D:3 Sigmund


Message History

Something hits you!
Ouch! That really hurt!
Found a stone staircase leading up.
Something hits you.
* * * LOW HITPOINT WARNING * * *
Unknown command.
You hear some strange, mumbled words.
You are confused.
You hear some strange, mumbled words.
Something tries to affect you, but you resist.
You bump into the rock wall.
A magic dart appears from out of thin air!
The magic dart hits you!
* * * LOW HITPOINT WARNING * * *
It was a potion of brilliance.
You feel clever all of a sudden.
You hear some strange, mumbled words.
A puff of flame appears from out of thin air!
The puff of flame hits you! You resist.
You die...

.# #.# .#
.#####.######.#
.##...........# ###
.....#.#.#.#..# #<#
.##...........# #.#
.###.#.#.#.#..###..#.#
.# #..............<#.#
####.#.#.#.#.#######.#
#.............@....#
###..#.#.#.#.#########
.................
########......###
########


There were no monsters in sight!

Vanquished Creatures
  Ijyb (D:2)
  An adder (D:2)
  A dart slug (D:1)
  3 leopard geckos
  2 giant cockroaches (D:1)
  11 goblins
  8 hobgoblins
  6 kobolds
  A quokka (D:2)
  7 bats
  5 frilled lizards
  8 rats
54 creatures vanquished.

Vanquished Creatures (collateral kills)
  A kobold (D:1)
1 creature vanquished.

Grand Total: 55 creatures vanquished

Notes
Turn   | Place    | Note
-------+----------+-------------------------------------------
     0 | D:1      | Chifra the Deep Elf Necromancer began the quest for the Orb.
     0 | D:1      | Reached XP level 1. HP: 10/10 MP: 6/6
   169 | D:1      | Learned a level 1 spell: Animate Skeleton
   175 | D:1      | Reached XP level 2. HP: 4/16 MP: 5/8
  1393 | D:1      | Reached skill level 5 in Necromancy
  1480 | D:1      | Reached XP level 3. HP: 15/20 MP: 7/9
  1543 | D:1      | Learned a level 3 spell: Vampiric Draining
  1547 | D:1      | Learned a level 3 spell: Regeneration
  2009 | D:2      | Noticed Ijyb
  2038 | D:2      | Killed Ijyb
  2038 | D:2      | Reached skill level 1 in Fighting
  2038 | D:2      | Reached skill level 1 in Charms
  2126 | D:2      | Reached XP level 4. HP: 6/25 MP: 7/11
  2420 | D:2      | Found a faded altar of an unknown god.
  3420 | D:3      | Noticed Sigmund
  3452 | D:3      | Killed from afar by Sigmund

Skill      XL: |  1  2  3 |
---------------+----------+-----
Stealth        | 3 |  3.4
Necromancy     | 5 |  5.2
Fighting       | 1 |  1.2
Dodging        | 3 |  3.2
Charms         | 1 |  1.9
Spellcasting   | |  3.6

Action                   |  1- 3 |  4- 6 || total
-------------------------+-------+-------++-------
Melee: Unarmed           |     2 |       ||     2
       Dagger            |    53 |    19 ||    72
 Cast: Pain              |    53 |    12 ||    65
       Animate Skeleton  |     5 |     4 ||     9
       Vampiric Draining |     2 |     1 ||     3
       Regeneration      |     1 |       ||     1
  Use: Potion            |       |     1 ||     1
 Stab: Sleeping          |     1 |     5 ||     6
  Eat: Chunk             |     4 |     2 ||     6
       Royal jelly       |       |     1 ||     1
Armor: Robe              |    24 |     5 ||    29
Dodge: Dodged            |    78 |    16 ||    94
